 Dungeon Crawl Stone Soup version 0.22.1-1-ga44c0e5 (webtiles) character file.

661 Heatsaber the Digger (level 7, -5/36 HPs)
             Began as a Gargoyle Earth Elementalist on Sept 27, 2018.
             Slain by an ogre
             ... wielding a +0 giant club
              (12 damage)
             ... on level 5 of the Dungeon.
             The game lasted 00:23:19 (4037 turns).

Heatsaber the Digger (Gargoyle Earth Elementalist)  Turns: 4037, Time: 00:23:19

Health: -5/36      AC:  8    Str: 12    XL:     7   Next: 56%
Magic:  3/13       EV: 12    Int: 17    God:
Gold:   232        SH:  0    Dex: 10    Spells: 4/15 levels left

rFire    . . .     SeeInvis .   m - +0 dagger (venom)
rCold    . . .     Gourm    .   (no shield)
rNeg     + . .     Faith    .   s - +1 robe {MR+}
rPois    ∞         Spirit   .   (no helmet)
rElec    +         Reflect  .   (no cloak)
rCorr    .         Harm     .   (no gloves)
MR       +....                  (no boots)
Stlth    ++........             (no amulet)
HPRegen  0.12/turn              (no ring)
MPRegen  0.13/turn              (no ring)

@: very slightly contaminated
A: negative energy resistance 1, electricity resistance, unbreathing,
petrification resistance, rot immunity, AC +4
a: no special abilities


You were on level 5 of the Dungeon.
You were hungry.

You visited 1 branch of the dungeon, and saw 5 of its levels.

You collected 232 gold pieces.

Inventory:

Hand Weapons
 e - a +0 club
 m - a +0 dagger of venom (weapon)
 t - a +0 rapier of venom
 u - a +1 dagger of electrocution
Missiles
 b - 215 stones (quivered)
Armour
 c - a +0 robe
 h - a +0 ring mail
 s - a +1 robe of magic resistance (worn)
Magical Staves
 k - an uncursed staff of wizardry
Scrolls
 a - 6 scrolls of identify {unknown}
 o - a scroll of enchant weapon {unknown}
 p - 3 scrolls of teleportation {unknown}
 q - a scroll of remove curse {unknown}
 r - a scroll of random uselessness {unknown}
Potions
 f - 2 potions of curing {unknown}
 g - a potion of agility {unknown}
 i - a potion of ambrosia {unknown}
 j - 3 potions of might {unknown}
 l - a potion of degeneration {unknown}
 n - 2 potions of cancellation {unknown}
Comestibles
 d - 6 rations
 v - 8 chunks of flesh


   Skills:
 + Level 4.8 Armour
 - Level 1.5 Dodging
 - Level 2.1 Stealth
 + Level 4.6 Spellcasting
 - Level 0.7 Transmutations
 + Level 6.5 Earth Magic


You had 4 spell levels left.
You knew the following spells:

 Your Spells              Type           Power        Failure   Level  Hunger
a - Sandblast             Erth           ####..       1%          1    None
b - Passwall              Tmut/Erth      ###.....     4%          2    ##.....
c - Stone Arrow           Conj/Erth      ###...       12%         3    ###....
d - Lee's Rapid Deconstr  Erth           ####......   28%         5    ######.

Your spell library contained the following spells:

 Spells                   Type           Power        Failure   Level  Hunger
 Petrify                  Tmut/Erth      ###.....     32%         4    ####...


Dungeon Overview and Level Annotations

Branches:
Dungeon (5/15)
 Temple: D:4-7

Altars:
Hepliaklqana
Okawaru


Innate Abilities, Weirdness & Mutations

You are resistant to torment.
Your stone body is resilient. (AC +4)
You are immune to poison.
You resist negative energy. (rN+)
You are resistant to electric shocks. (rElec)
You can survive without breathing.
You are immune to petrification.
You are immune to rotting.


Message History

The wall shatters!
The blast of rock fragments hits the ogre.
The ogre is heavily wounded.
You are feeling hungry.
Wield which item (- for none, * to show all)? (? for menu, Esc to quit)
Your +0 dagger of venom begins to drip with poison!
m - a +0 dagger of venom (weapon)
You hit the ogre.
The ogre is poisoned.
The ogre is severely wounded.
The ogre hits you with a giant club!
You closely miss the ogre.
The ogre is severely wounded.
The ogre hits you with a giant club!!
Ouch! That really hurt!
* * * LOW HITPOINT WARNING * * *
The hound skeleton bites you but does no damage.
Okay, then.
Unknown command.
The ogre hits you with a giant club!
You die...

#......#....... ...
#......#......$ ..
#......#..... ..
#......#... #.
#......#'##
#####.######......#
...........#......# .
...........#ZO....#
........<...#@.....#
#.########..#......#
###.##...###..#.....##
..........#...#.....#
..........#...#.....#
#.......#...#..(..#
##.......#)..#.....#
#........'...#.....#
#........#####.....##


You could see an ogre and a hound skeleton.

Vanquished Creatures
  Duvessa (D:4)
  An ice beast (D:2)
  Blork the orc (D:4)
  Dowan (D:4)
  An orc wizard (D:3)
  Jessica (D:2)
  A worker ant (D:4)
  A hound skeleton (D:4)
  A hound zombie (D:5)
  6 gnolls
  8 adders
  An adder skeleton (D:4)
  3 worms (D:2)
  2 dart slugs
  5 leopard geckos
  11 orcs (D:3)
  A ball python (D:1)
  2 bats
  7 giant cockroaches
  8 hobgoblins
  7 jackals
  8 kobolds
  3 quokkas
  5 frilled lizards
  5 goblins
  A leopard gecko skeleton (D:5)
  4 rats
96 creatures vanquished.

Notes
Turn   | Place    | Note
-------+----------+-------------------------------------------
     0 | D:1      | Heatsaber the Gargoyle Earth Elementalist began the quest
                  | for the Orb.
     0 | D:1      | Reached XP level 1. HP: 10/10 MP: 3/3
   243 | D:1      | Reached XP level 2. HP: 15/15 MP: 5/5
   247 | D:1      | Learned a level 2 spell: Passwall
   333 | D:1      | Reached skill level 1 in Armour
   568 | D:1      | Reached skill level 4 in Earth Magic
   617 | D:1      | Found an iron altar of Okawaru.
  1020 | D:2      | Reached XP level 3. HP: 19/19 MP: 6/6
  1051 | D:2      | Noticed Jessica
  1055 | D:2      | Killed Jessica
  1086 | D:2      | Reached XP level 4. HP: 24/24 MP: 0/8
  1091 | D:2      | Learned a level 3 spell: Stone Arrow
  1583 | D:2      | Noticed an ice beast
  1592 | D:2      | Killed an ice beast
  1592 | D:2      | Reached skill level 5 in Earth Magic
  1592 | D:2      | Reached XP level 5. HP: 28/28 MP: 2/10
  2132 | D:3      | Reached XP level 6. HP: 28/32 MP: 2/11
  2299 | D:3      | Learned a level 5 spell: Lee's Rapid Deconstruction
  2960 | D:4      | Noticed Blork the orc
  2997 | D:4      | Killed Blork the orc
  3110 | D:4      | Noticed Duvessa
  3121 | D:4      | Killed Duvessa
  3121 | D:4      | Reached skill level 6 in Earth Magic
  3121 | D:4      | Reached XP level 7. HP: 26/36 MP: 1/13
  3121 | D:4      | Noticed Dowan
  3245 | D:4      | Found a hazy altar of Hepliaklqana.
  3265 | D:4      | Killed Dowan
  3904 | D:5      | Entered Level 5 of the Dungeon
  4037 | D:5      | Slain by an ogre

Skill      XL: |  1  2  3  4  5  6 |
---------------+-------------------+-----
Armour         | 1 2 3 4 |  4.8
Earth Magic    | 4 5 6 |  6.5
Spellcasting   | 3 4 |  4.6
Dodging        | |  1.5
Stealth        | |  2.1
Transmutations | |  0.7

Action                   |  1- 3 |  4- 6 |  7- 9 || total
-------------------------+-------+-------+-------++-------
Melee: Unarmed           |     7 |       |       ||     7
       Club              |    72 |    11 |       ||    83
       Dagger            |       |    51 |     2 ||    53
       Staff             |       |    71 |    42 ||   113
       Rapier            |       |       |     7 ||     7
 Cast: Sandblast         |    15 |    41 |     8 ||    64
       Stone Arrow       |       |    12 |     3 ||    15
       Lee's Rapid Decon |       |     2 |     5 ||     7
 Stab: Sleeping          |     2 |       |     1 ||     3
  Eat: Chunk             |     1 |     8 |     5 ||    14
Armor: Robe              |    26 |     1 |    32 ||    59
       Ring mail         |     5 |    75 |       ||    80
Dodge: Dodged            |    62 |    98 |    38 ||   198
